 Dungeon Crawl Stone Soup version 0.21.1-1-g345015f (webtiles) character file.

380 vatarom the Bolt Thrower (level 7, 0/53 HPs)
             Began as a Formicid Hunter on May 4, 2018.
             Succumbed to a worker ant's poison
             ... on level 3 of the Dungeon.
             The game lasted 00:10:11 (3958 turns).

vatarom the Bolt Thrower (Formicid Hunter)          Turns: 3958, Time: 00:10:12

Health: 0/53       AC:  6    Str: 18    XL:     7   Next: 4%
Magic:  7/7        EV: 12    Int: 11    God:
Gold:   119        SH:  0    Dex: 11    Spells: 6/6 levels left

rFire    . . .     SeeInvis +   i - +3 dagger
rCold    . . .     Gourm    .   (no shield)
rNeg     . . .     Faith    .   c - +0 leather armour
rPois    .         Spirit   .   (helmet unavailable)
rElec    .         Reflect  .   (no cloak)
rCorr    .         Harm     .   (no gloves)
MR       .....                  (no boots)
Stlth    ++........             p - amulet of regeneration
HPRegen  0.57/turn              b - +3 ring of protection
MPRegen  0.10/turn              l - ring of stealth

@: lethally poisoned (0 -> -5)
A: permanent stasis, dig shafts and tunnels, four strong arms, antennae 3
a: Dig, Shaft Self


You were on level 3 of the Dungeon.
You were not hungry.

You visited 1 branch of the dungeon, and saw 4 of its levels.

You collected 119 gold pieces.

Inventory:

Hand Weapons
 a - a +1 hand crossbow
 i - a +3 dagger (weapon)
Missiles
 q - a javelin of returning (quivered)
Armour
 c - a +0 leather armour (worn)
 g - a +0 shield
Jewellery
 b - a +3 ring of protection (left hand)
 l - a ring of stealth (right hand)
 p - an amulet of regeneration (around neck)
Wands
 h - a wand of disintegration (17)
Scrolls
 d - 3 scrolls of remove curse
 e - 2 scrolls of identify
 k - a scroll of fog
 n - 2 scrolls of enchant armour
Potions
 j - a potion of degeneration
 m - a potion of magic
Comestibles
 f - 4 rations


   Skills:
 + Level 3.7 Fighting
 * Level 6.0 Crossbows
 - Level 1.8 Dodging
 - Level 1.2 Stealth
 * Level 4.5 Shields


You had 6 spell levels left.
You didn't know any spells.

Dungeon Overview and Level Annotations

Branches:
Dungeon (4/15)
 Temple: D:4-7

Altars:
Trog

Annotations:
D:4 MrSolrac's ghost, novice DrFE


Innate Abilities, Weirdness & Mutations

You cannot be hasted, slowed, berserked, paralysed or teleported.
You can dig through walls and to a lower floor.
Your four strong arms can wield two-handed weapons with a shield.
You have a pair of large antennae on your head. (SInv)


Message History

Throwing (i - inventory):
q - 3 javelins of returning (quivered)
Press: ? - help, Shift-Dir - straight line, f/p - worker ant
Aim: a worker ant (almost dead)
You throw a javelin of returning.
The javelin of returning hits the worker ant.
You kill the worker ant!
You have reached level 7!
The javelin of returning fails to return to your pack!
* * * LOW HITPOINT WARNING * * *
You feel sick.
Unknown command.
Okay, then.
Throwing (i - inventory):
q - 2 javelins of returning (quivered)
Press: ? - help, Shift-Dir - straight line, f - worker ant
Aim: a worker ant (heavily wounded)
You throw a javelin of returning.
The javelin of returning hits the worker ant.
The worker ant is heavily wounded.
The javelin of returning fails to return to your pack!
You die...

##.# ##.....#######.####
##..# ##.......##.......#
#...####.........#..#....#
.......'.........'.......#
#...####.........#..#....#
....# ##.......##..##...#
.#### ##.....###..##...#
.# ##...####.......# .#
##'###@a>###..## .# #.#
###......# .#
##.#########.## .#
####.......>....#
.#######......##########
...............#
########[...).## ##.#..##
#...##


You could see a worker ant.

Vanquished Creatures
  An orc priest (D:3)
  2 orc wizards (D:3)
  A hound (D:4)
  Ijyb (D:4)
  Natasha (D:3)
  A worker ant (D:3)
  7 adders
  3 oozes
  4 worms
  5 dart slugs
  A leopard gecko (D:1)
  6 orcs
  6 giant cockroaches
  10 goblins
  12 hobgoblins
  2 jackals (D:2)
  3 quokkas
  9 bats
  4 frilled lizards
  9 kobolds
  8 rats
96 creatures vanquished.

Notes
Turn   | Place    | Note
-------+----------+-------------------------------------------
     0 | D:1      | vatarom the Formicid Hunter began the quest for the Orb.
     0 | D:1      | Reached XP level 1. HP: 16/16 MP: 1/1
    11 | D:1      | Reached XP level 2. HP: 14/22 MP: 2/2
   412 | D:1      | Reached XP level 3. HP: 25/28 MP: 3/3
   542 | D:1      | Reached skill level 1 in Shields
   875 | D:2      | Reached XP level 4. HP: 34/34 MP: 4/4
   983 | D:2      | Reached skill level 5 in Crossbows
  1154 | D:2      | Reached XP level 5. HP: 40/40 MP: 5/5
  2204 | D:3      | Reached XP level 6. HP: 8/47 MP: 6/6
  2464 | D:3      | Noticed Natasha
  2845 | D:3      | Found a bloodstained altar of Trog.
  2946 | D:3      | Killed Natasha
  3021 | D:3      | Found a faded altar of an unknown god.
  3552 | D:4      | Noticed Ijyb
  3562 | D:4      | Killed Ijyb
  3757 | D:3      | You fall through a shaft!
  3772 | D:4      | Reached skill level 6 in Crossbows
  3800 | D:4      | Noticed MrSolrac's ghost (novice DrFE)
  3956 | D:3      | HP: 2/48 [poisoned by a worker ant]
  3957 | D:3      | Reached XP level 7. HP: 2/53 MP: 7/7
  3958 | D:3      | Succumbed to a worker ant's poison

Skill      XL: |  1  2  3  4  5  6 |
---------------+-------------------+-----
Shields        | 1 2 3 4 |  4.5
Crossbows      | 5 6 |  6.0
Fighting       | 3 |  3.7
Dodging        | |  1.8
Stealth        | |  1.2

Action                   |  1- 3 |  4- 6 |  7- 9 || total
-------------------------+-------+-------+-------++-------
Melee: Short sword       |    38 |       |       ||    38
       Dagger            |    11 |   216 |       ||   227
 Fire: Hand crossbow     |    66 |    91 |       ||   157
Throw: Javelin           |       |     9 |     1 ||    10
 Abil: Dig               |       |     1 |       ||     1
       Shaft Self        |       |     1 |       ||     1
  Use: Scroll            |       |     9 |       ||     9
       Potion            |       |     6 |       ||     6
 Stab: Sleeping          |       |     7 |       ||     7
  Eat: Ration            |       |     3 |       ||     3
       Chunk             |       |     1 |       ||     1
Armor: Leather armour    |    28 |    71 |       ||    99
Dodge: Dodged            |    60 |   166 |       ||   226
